 Dungeon Crawl Stone Soup version 0.32-a0-995-gb4a59205af (webtiles) character file.

Game seed: 5086642197616438709

2181090 Autsider the Petrodigitator (level 27, 186/186 (192) HPs)
             Began as a Gargoyle Earth Elementalist on Apr 22, 2024.
             Was a High Priest of Sif Muna.
             Escaped with the Orb
             ... and 4 runes!
             The game lasted 07:37:04 (81807 turns).

Autsider the Petrodigitator (GrEE)                 Turns: 81807, Time: 07:37:05

HP:   186/186 (192) AC: 34    Str: 29    XL:     27
MP:   46/46         EV: 14    Int: 41    God:    Sif Muna [*****.]
Gold: 7797          SH: 26    Dex: 12    Spells: 1/65 levels left

rFire   + + +        G - staff of Bodily Harmony {rF+ Str+7 Fire Air}
rCold   + + .        Y - +8 tower shield {rC+ rF+}
rNeg    + + .        v - +2 robe of Protective Custody {^Contam Harm Regen+ Int+6}
rPois   ∞            d - -2 hat of the Alchemist {rElec rPois rF+ rC+ rN+ Will+ rMut rCorr}
rElec   +            M - +2 cloak {Will+}
rCorr   +            N - +3 pair of gauntlets of War {Slay+5}
SInv    +            Q - +2 pair of boots {rampage}
Will    ++++.        t - amulet "Agiunnaa" {+Inv rElec Regen+ RegenMP+}
Stlth   +            h - ring "Zaet" {*Corrode rPois Int+7 Dex-4 SInv}
HPRegen 2.11/turn    j - ring "Maemp" {^Drain rF++ Str+8 Dex+6 Clar}
MPRegen 0.70/turn

%: corrode self (3%), harm (+30% outgoing, +20% incoming), clarity, resist
mutation, rampage
@: flying, hasted, glowing, studying 3 skills, lightly drained, very quick
A: sickness immunity, AC +20, big wings, negative energy resistance 1,
electricity resistance, torment resistance 1, petrification resistance, see
invisible, deformed body, fire resistance 1, evolution 1, persistent drain
0: Orb of Zot
}: 4/15 runes: serpentine, barnacled, slimy, silver
a: Renounce Religion, Evoke Invisibility, Channel Magic, Forget Spell, Divine
Exegesis


You escaped.
You worshipped Sif Muna.
Sif Muna was extremely pleased with you.
You visited 12 branches of the dungeon, and saw 56 of its levels.
You also visited: Bailey, Gauntlet and Ice Cave.

You collected 10385 gold pieces.
You spent 2588 gold pieces at shops.

Inventory:

Hand Weapons
 e - the +9 whip "Zegiliji" {drain, rC+++ rCorr Str-4 SInv}
   (You took it off an orc warrior on level 13 of the Dungeon)

   Str-4:     It affects your strength (-4).
   rC+++:     It renders you almost immune to cold.
   SInv:      It lets you see invisible.
   rCorr:     It protects you from acid and corrosion.
Missiles
 m - 3 throwing nets
Armour
 d - the -2 hat of the Alchemist (worn) {rElec rPois rF+ rC+ rN+ Will+ rMut rCorr}
   (You found it on level 1 of the Crypt)

   rF+:       It protects you from fire.
   rC+:       It protects you from cold.
   rElec:     It insulates you from electricity.
   rPois:     It protects you from poison.
   rN+:       It protects you from negative energy.
   Will+:     It increases your willpower.
   rCorr:     It protects you from acid and corrosion.
   rMut:      It protects you from mutation.
 v - the +2 robe of Protective Custody (worn) {^Contam Harm Regen+ Int+6}
   (You took it off an ironbound preserver on level 5 of the Vaults)

   Int+6:     It affects your intelligence (+6).
   ^Contam:   It causes magical contamination when unequipped.
   Regen+:    It increases your rate of health regeneration.
   Harm:      It increases damage dealt and taken.
 w - the +4 dragonskin cloak {Aegis}
   (You took it off Tiamat on level 4 of the Realm of Zot)

   Avatar's Aegis: It grants the wearer a chance to resist fire, cold, poison,
   electricity, acid, and negative energy.
 M - a +2 cloak of willpower (worn)
 N - the +3 pair of gauntlets of War (worn) {Slay+5}
   (You found it on level 14 of the Dungeon)

   Slay+5:    It affects your accuracy & damage with ranged weapons and melee
   (+5).
 Q - a +2 pair of boots of rampaging (worn)
 Y - a +8 tower shield of resistance (worn)
Magical Staves
 G - the staff of Bodily Harmony (weapon) {rF+ Str+7 Fire Air}
   (You found it in a bailey)

   [staff of fire]

   Base accuracy: +5 Base damage: 5 Base attack delay: 1.2 This weapon's minimum
   attack delay (0.6) is reached at skill level 12.
   Str+7:     It affects your strength (+7).
   rF+:       It protects you from fire.
   Fire:      It increases the power of your Fire spells.
   Air:       It increases the power of your Air spells.
   It falls into the 'Staves' category.
   It is a one-handed weapon.
 S - the staff "Orb Guardian's Doom" {rF+ MP+9 Stlth- Tloc Fire Alchemy}
   (You found it on level 4 of the Realm of Zot)

   [staff of fire]

   Base accuracy: +5 Base damage: 5 Base attack delay: 1.2 This weapon's minimum
   attack delay (0.6) is reached at skill level 12.
   rF+:       It protects you from fire.
   MP+9:      It affects your magic capacity (+9).
   Stlth-:    It makes you less stealthy.
   Tloc:      It increases the power of your Translocations spells.
   Fire:      It increases the power of your Fire spells.
   Alchemy:   It increases the power of your Alchemy spells.
   It falls into the 'Staves' category.
   It is a one-handed weapon.
Jewellery
 h - the ring "Zaet" (left hand) {*Corrode rPois Int+7 Dex-4 SInv}
   (You found it in an ice cave)

   [ring of poison resistance]

   Int+7:     It affects your intelligence (+7).
   Dex-4:     It affects your dexterity (-4).
   rPois:     It protects you from poison.
   SInv:      It lets you see invisible.
   *Corrode:  It may corrode you when you take damage.
 j - the ring "Maemp" (right hand) {^Drain rF++ Str+8 Dex+6 Clar}
   (You bought it in a shop on level 4 of the Snake Pit)

   [ring of dexterity]

   Str+8:     It affects your strength (+8).
   Dex+6:     It affects your dexterity (+6).
   rF++:      It greatly protects you from fire.
   Clar:      It protects you from confusion, rage, mesmerisation and fear.
   ^Drain:    It drains your maximum health when unequipped.
 t - the amulet "Agiunnaa" (around neck) {+Inv rElec Regen+ RegenMP+}
   (You found it on level 5 of the Lair of Beasts)

   [amulet of magic regeneration]

   It increases your rate of magic regeneration.
   rElec:     It insulates you from electricity.
   +Inv:      It lets you turn invisible.
   Regen+:    It increases your rate of health regeneration.
   RegenMP+:  It increases your rate of magic regeneration.
 F - the ring of Gaqi Ucy {Will+ rCorr Str+6 Dex+3}
   (You took it off a necromancer on level 2 of the Crypt)

   [ring of strength]

   Str+6:     It affects your strength (+6).
   Dex+3:     It affects your dexterity (+3).
   Will+:     It increases your willpower.
   rCorr:     It protects you from acid and corrosion.
 H - the ring "Mubredgh" {Ice rPois Int+3 Dex-4 Stlth+}
   (You found it on level 3 of the Depths)

   [ring of ice]

   Ice:       It enhances your ice magic.
   Int+3:     It affects your intelligence (+3).
   Dex-4:     It affects your dexterity (-4).
   rF-:       It makes you vulnerable to fire.
   rC+:       It protects you from cold.
   rPois:     It protects you from poison.
   Stlth+:    It makes you more stealthy.
 J - the ring "Qexzyhij" {rC+ EV+5 Dex+2 SInv}
   (You took it off a deep elf sorcerer on level 3 of the Elven Halls)

   [ring of evasion]

   EV+5:      It affects your evasion (+5).
   Dex+2:     It affects your dexterity (+2).
   rC+:       It protects you from cold.
   SInv:      It lets you see invisible.
Wands
 g - a wand of polymorph (22)
 o - a wand of digging (44)
 p - a wand of iceblast (68)
 I - a wand of mindburst (35)
 R - a wand of acid (20)
 V - a wand of charming (51)
Scrolls
 a - 4 scrolls of immolation
 c - 31 scrolls of teleportation {@r2}
 l - 7 scrolls of fog
 n - 8 scrolls of fear
 r - 8 scrolls of vulnerability
 s - 6 scrolls of blinking
 y - 3 scrolls of torment
 C - 8 scrolls of revelation
 O - 4 scrolls of butterflies
 U - 2 scrolls of silence
Potions
 f - 4 potions of brilliance
 i - 2 potions of invisibility
 k - 11 potions of enlightenment
 q - 20 potions of curing {@q1}
 u - 7 potions of lignification
 x - 6 potions of magic
 z - 4 potions of heal wounds {@q2}
 A - 8 potions of haste
 B - 10 potions of might
 D - 4 potions of resistance
 E - 8 potions of cancellation
 L - 10 potions of ambrosia
Miscellaneous
 b - a condenser vane
 T - a lightning rod (4/4)
 W - a phial of floods
 X - a phantom mirror


   Skills:
 + Level 24.7 Fighting
 - Level 9.0 Staves
 - Level 10.0 Armour
 - Level 10.0 Dodging
 - Level 6.0 Stealth
 - Level 15.0 Shields
 + Level 19.6 Spellcasting
 + Level 20.4 Conjurations
 - Level 16.0 Fire Magic
 - Level 16.0 Ice Magic
 O Level 27 Earth Magic
 - Level 8.0 Alchemy
 - Level 16.0 Invocations
 - Level 10.0 Evocations


You had one spell level left.
You knew the following spells:

 Your Spells              Type           Power      Damage    Failure   Level
a - Stone Arrow           Conj/Erth      100%       3d13      0%          3
b - Bombard               Conj/Erth      62%        9d10      0%          6
c - Lee's Rapid Deconstr  Erth           65%        3d30*     0%          5
d - Flame Wave            Conj/Fire      100%       2d21      0%          4
e - Borgnjor's Vile Clut  Necr/Erth      50%        N/A       1%          5
f - Permafrost Eruption   Ice/Erth       60%        2x4d13    1%          6
g - Freezing Cloud        Conj/Ice/Air   59%        6-21      1%          5
h - Shatter               Erth           65%        3d48*     1%          9
u - Leda's Liquefaction   Alch/Erth      55%        N/A       0%          4
x - Sandblast             Erth           100%       2d20      0%          1
z - Blink                 Tloc           80%        N/A       1%          2
A - Petrify               Alch/Erth      100%       N/A       0%          4
B - Spellforged Servitor  Conj/Summ      45%        N/A       17%         7
C - Swiftness             Air            57%        N/A       4%          3

Your spell library contained the following spells:

 Spells                   Type           Power      Damage    Failure   Level
 Foxfire                  Conj/Fire      100%       2x1d9     0%          1
 Freeze                   Ice            100%       1d10      0%          1
 Magic Dart               Conj           100%       1d8       0%          1
 Sting                    Conj/Alch      100%       1d9       0%          1
 Apportation              Tloc           80%        N/A       1%          1
 Kiss of Death            Conj/Necr      100%       2d13      1%          1
 Necrotise                Necr           100%       1d9       1%          1
 Shock                    Conj/Air       100%       1d9       1%          1
 Slow                     Hex            100%       N/A       1%          1
 Summon Small Mammal      Summ           100%       N/A       1%          1
 Scorch                   Fire           100%       2d9       0%          2
 Searing Ray              Conj           100%       2d8       0%          2
 Frozen Ramparts          Ice            100%       1d16      0%          3
 Hailstorm                Conj/Ice       100%       3d16      0%          3
 Ozocubu's Armour         Ice            100%       N/A       0%          3
 Passwall                 Erth           100%       N/A       0%          3
 Brom's Barrelling Bould  Conj/Erth      100%       2d11      0%          4
 Iskenderun's Battlesphe  Conj           100%       2d15      0%          5
 Call Imp                 Summ           80%        N/A       1%          2
 Ensorcelled Hibernation  Hex/Ice        100%       N/A       1%          2
 Jinxbite                 Hex            80%        N/A       1%          2
 Lesser Beckoning         Tloc           80%        N/A       1%          2
 Mercury Vapours          Alch/Air       100%       N/A       1%          2
 Momentum Strike          Conj/Tloc      100%       3d10      1%          2
 Static Discharge         Conj/Air       100%       3-8/arc   1%          2
 Dazzling Flash           Conj/Hex       100%       N/A       1%          3
 Inner Flame              Hex/Fire       100%       N/A       1%          3
 Mephitic Cloud           Conj/Alch/Air  100%       N/A       1%          3
 Summon Ice Beast         Ice/Summ       81%        N/A       1%          3
 Volatile Blastmotes      Fire/Tloc      100%       2d18      1%          3
 Animate Armour           Summ/Erth      100%       N/A       1%          4
 Fulminant Prism          Conj/Alch      51%        3d22      1%          4
 Ignite Poison            Fire/Alch      100%       N/A       1%          4
 Iskenderun's Mystic Bla  Conj/Tloc      90%        2d18      (+2d11%     4
 Olgreb's Toxic Radiance  Alch           81%        N/A       1%          4
 Sticky Flame             Fire/Alch      100%       2d15      1%          4
 Summon Blazeheart Golem  Fire/Summ      100%       N/A       1%          4
 Alistair's Intoxication  Alch           54%        N/A       1%          5
 Arcjolt                  Conj/Air       56%        1d66      1%          5
 Fireball                 Conj/Fire      68%        3d26      1%          5
 Irradiate                Conj/Alch      51%        3d28      1%          5
 Metabolic Englaciation   Hex/Ice        40%        N/A       1%          5
 Sculpt Simulacrum        Ice/Alch       47%        N/A       1%          6
 Starburst                Conj/Fire      68%        6d18      1%          6
 Orb of Destruction       Conj           59%        9d14      1%          7
 Ozocubu's Refrigeration  Ice            53%        4d19      1%          7
 Seismic Cannonade        Alch/Erth      55%        6d17      1%          7
 Lehudib's Crystal Spear  Conj/Erth      62%        10d14     1%          8
 Conjure Ball Lightning   Conj/Air       56%        3x3d20    3%          6
 Call Canine Familiar     Summ           40%        N/A       4%          3
 Confusing Touch          Hex            40%        N/A       4%          3
 Fugue of the Fallen      Necr           40%        N/A       4%          3
 Maxwell's Portable Pile  Tloc           40%        2d(9-25)  4%          3
 Sigil of Binding         Hex            40%        N/A       4%          3
 Teleport Other           Tloc           40%        N/A       4%          3
 Tukima's Dance           Hex            40%        N/A       4%          3
 Vampiric Draining        Necr           40%        2d8       4%          3
 Magnavolt                Erth/Air       61%        3d24      4%          7
 Yara's Violent Unravell  Hex/Alch       32%        3d13      7%          5
 Eringya's Noxious Bog    Alch           40%        4d6       8%          6
 Plasma Beam              Fire/Air       63%        2x1d79    8%          6
 Ignition                 Fire           65%        3d17      12%         8
 Airstrike                Air            28%        2d(5-21)  13%         4
 Anguish                  Hex/Necr       20%        N/A       13%         4
 Animate Dead             Necr           40%        N/A       13%         4
 Cause Fear               Hex            20%        N/A       13%         4
 Dimensional Bullseye     Hex/Tloc       20%        N/A       13%         4
 Dispel Undead            Necr           40%        3d16      13%         4
 Martyr's Knell           Necr/Summ      40%        N/A       13%         4
 Passage of Golubria      Tloc           40%        N/A       13%         4
 Summon Lightning Spire   Summ/Air       57%        N/A       13%         4
 Vhi's Electric Charge    Tloc/Air       100%       N/A       13%         4
 Fulsome Fusillade        Conj/Alch      51%        (3-5)d15  26%         8
 Curse of Agony           Necr           40%        N/A       36%         5
 Silence                  Hex/Air        28%        N/A       36%         5
 Summon Forest            Summ/Tloc      20%        N/A       36%         5
 Summon Mana Viper        Hex/Summ       40%        N/A       36%         5
 Rimeblight               Ice/Necr       40%        2d8       (prima38%   7
 Fire Storm               Conj/Fire      68%        8d17      58%         9
 Polar Vortex             Ice            53%        12d7*     88%         9
 Death Channel            Necr           20%        N/A       90%         6
 Dispersal                Tloc           20%        N/A       90%         6
 Gell's Gavotte           Tloc           20%        2d(20-30) 90%         6
 Summon Cactus Giant      Summ           20%        N/A       90%         6
 Enfeeble                 Hex            20%        N/A       100%        7
 Haunt                    Necr/Summ      20%        N/A       100%        7
 Malign Gateway           Summ/Tloc      20%        N/A       100%        7
 Manifold Assault         Tloc           20%        N/A       100%        7
 Monstrous Menagerie      Summ           20%        N/A       100%        7
 Summon Hydra             Summ           20%        N/A       100%        7
 Borgnjor's Revivificati  Necr           20%        N/A       100%        8
 Discord                  Hex            20%        N/A       100%        8
 Disjunction              Tloc           20%        N/A       100%        8
 Infestation              Necr           20%        N/A       100%        8
 Maxwell's Capacitive Co  Air            28%        ∞         100%        8
 Summon Horrible Things   Summ           20%        N/A       100%        8
 Chain Lightning          Conj/Air       56%        3d74      100%        9
 Death's Door             Necr           20%        N/A       100%        9
 Cigotuvi's Dreadful Rot  Necr/Alch/Air  Unusable   N/A       N/A         2
 Sublimation of Blood     Necr           Unusable   N/A       N/A         2

Dungeon Overview and Level Annotations

Branches:
Dungeon (15/15)            Temple (1/1) D:6            Lair (5/5) D:11
 Shoals (4/4) Lair:3        Snake (4/4) Lair:2        Slime (5/5) Lair:5
    Orc (2/2) D:10            Elf (3/3) Orc:2        Vaults (5/5) D:14
  Crypt (3/3) Vaults:2       Tomb (0/3) Crypt:3      Depths (4/4) D:15
    Zot (5/5) Depths:4     Bailey (visited)           IceCv (visited)
Gauntlet (visited)

Altars:
Ashenzari
Cheibriados
Dithmenos
Elyvilon
Fedhas
Gozag
Hepliaklqana
Kikubaaqudgha
Makhleb
Nemelex Xobeh
Okawaru
Qazlal
Ru
Sif Muna
Trog
Uskayaw
Vehumet
Wu Jian
Xom
Yredelemnul
Zin
The Shining One
Beogh
Jiyva

Shops:
D:8 *   Orc:2 !*?*:   Elf:1 [   Snake:1 !=*   Snake:3 (   Snake:4 *
Vaults:1 :   Vaults:2 =   Depths:1 *   Depths:2 =**?

Portals:
Hell: Depths:1 Depths:2 Depths:3 Depths:4
Abyss: Depths:1 Depths:3 Depths:4
Pandemonium: Depths:2 Depths:4
Ziggurat: Depths:4

Annotations:
D:2 1 runed translucent door, Crazy Yiuf
D:7 3 runed translucent doors, Konar's ghost, novice CoHu
D:11 exclusion: downstairs
Snake:3 exclusion: downstairs
Slime:4 exclusion: downstairs, Dissolution
Vaults:3 exclusion: downstairs
Depths:3 Parghit
Depths:4 2 transporters, Kuligiro's ghost, veteran DsWn
Zot:3 2 transporters, Konar's ghost, legendary CoHu


Innate Abilities, Weirdness & Mutations

You are immune to sickness and miasma.
Your stone body is resilient. (AC +20)
You are immune to poison.
Your large and strong wings let you fly.
You resist negative energy. (rN+)
You are resistant to electric shocks. (rElec)
You are resistant to unholy torment.
You are immune to petrification.
You have supernaturally acute eyesight. (SInv)
Armour fits poorly on your strangely shaped body.
Your flesh is heat resistant. (rF+)
You have hidden genetic potential.
Your health recovers twice as slowly from being drained.


Message History

You block the harpoon shot.
There is a stone staircase leading up here.
You fly upwards.
There is a stone staircase leading down here.
A sixfirhy comes into view.
Casting: Leda's Liquefaction (safe; 0% risk of failure)
Confirm with . or Enter, or press ? or * to list all spells.
Aiming: Bombard (safe; 0% risk of failure)
Press: ? - help, Shift-Dir - straight line, f - sixfirhy
Aim: a sixfirhy (covering ground slowly, 56% to hit)
The iron shot hits the sixfirhy!!!
You kill the sixfirhy!
Sif Muna accepts your kill.
Magic restored.
The ground is no longer liquid beneath you.
Items here: ))) [[ ÷÷÷.
There is a stone staircase leading up here.
You fly upwards.
Level annotation: 1 runed translucent door, Crazy Yiuf
There is a stone staircase leading down here.
There is a stone staircase leading up here.
You fly upwards.
There is a stone staircase leading down here.
A seraph, a cherub and an angel come into view.
The seraph is wielding a +8 great sword of flaming.
The cherub is wielding a +0 scimitar of flaming.
The angel is wielding a +2 sacred scourge of holy wrath.
You feel yourself speed up.
The cherub's eagle head screeches!
The angel shouts!
The seraph shouts a warning to its allies!
The seraph gestures.
You rampage towards the cherub!
You closely miss the cherub.
The seraph gestures.
The seraph begins to accept its allies' injuries.
Okay, then.
Blink to where?
Press: ? - help, Dir - move target
As you read the scroll of blinking, it crumbles to dust.
You see here a +0 plate armour.
There is an open door here.
There is a staircase leading out of the dungeon here.
You have escaped!

##.##..###....##
##.#.........### #.....##
##....## #.#.........# (..####
##.#..# #[#.........#
..##########.##.###...........#
###................A...########
....##...###........##.#
######.### #..⌠...⌠.##.### #
#.# #...###...#...### #.#
#...#@'....##...# ######.#
#...###....####.# .†.....#
#..⌠...⌠...# #.## .......#
#..........# #..# .......#
#.###.....## ##.# .......# #.#
####### #.# .......# ### ###.#
.......# ####...#
####.#################....###


You could see an angel (sheltered).

Vanquished Creatures
  the Royal Jelly (Slime:5)
  2 dread liches
  Tiamat (Zot:4)
  An ancient lich (Depths:4)
  6 orbs of fire
  Mennas (Vaults:4)
  Sojobo (Crypt:3)
  Saint Roka (Vaults:5)
  Vashnia (Snake:4)
  17 Killer Klowns
  5 curse toes
  Bai Suzhen (Shoals:3)
  17 golden dragons
  2 bone dragons
  the Enchantress (Depths:2)
  A Brimstone Fiend (D:13)
  4 electric golems
  Jorgrun (D:12)
  Mlioglotl (Shoals:1)
  2 hellephants
  Zenata (Elf:2)
  4 liches
  23 tentacled monstrosities
  A walking frostbound tome (Depths:2)
  27 Orb Guardians
  4 deep elf blademasters (Elf:3)
  9 titans
  14 death cobs
  3 deep elf master archers (Elf:3)
  7 quicksilver dragons
  A walking divine tome (Depths:2)
  5 sphinxes
  Gastronok (D:11)
  6 ancient champions
  18 acid blobs
  Roxanne (Snake:2)
  25 storm dragons
  14 shadow dragons
  8 tengu reavers
  Aizul (Snake:1)
  6 protean progenitors
  10 azure jellies
  8 nagarajas
  12 fire giants
  6 draconian monks
  18 rockslimes
  5 iron dragons
  14 draconian scorchers
  11 deep elf sorcerers
  4 deep elf elementalists (Elf:3)
  2 draconian shifters
  8 draconian knights
  11 frost giants
  5 draconian stormcallers
  Louise (Snake:3)
  The ghost of Meogie the Warrior, a journeyman MiBe of Trog (Orc:1)
  13 vault wardens
  An angel (Depths:1)
  6 ghost moths
  2 ghouls
  5 spectral caustic shrikes (Depths:4)
  A curse skull (Crypt:2)
  11 formless jellyfish
  5 draconian annihilators
  5 spriggan defenders (Depths:2)
  17 quicksilver oozes
  12 very ugly things
  18 ironbound preservers
  10 vampire knights
  7 green draconians
  7 ironbound thunderhulks
  15 stone giants
  Nessos (D:15)
  12 black draconians
  The ghost of Ivarchef the Warrior, a journeyman GrEE of Makhleb (Elf:1)
  9 purple draconians
  A lorocyproca (Zot:1)
  8 red draconians
  7 deep elf annihilators
  21 white draconians
  5 deep elf demonologists
  7 war gargoyles
  7 deep elf death magi
  A minotaur (Gauntlet)
  11 yellow draconians
  3 spark wasps (Depths:2)
  13 dire elephants
  A bunyip (Zot:1)
  7 eidola
  A mummy priest (Crypt:2)
  2 blizzard demons (Zot:1)
  16 ettins
  4 crystal guardians
  5 jiangshi (Crypt:2)
  6 merfolk javelineers
  12 yaktaur captains
  17 merfolk impalers
  19 fire dragons
  7 deep elf high priests
  7 rakshasas
  4 entropy weavers
  An entropy weaver (shapeshifter) (Elf:1)
  A fenstrider witch zombie (Crypt:3)
  Fannar (D:12)
  A quicksilver dragon skeleton (Crypt:3)
  36 vault guards
  9 great orbs of eyes
  8 hydras
  10 ice dragons
  9 ironbound frosthearts
  A hell beast (Zot:1)
  2 peacekeepers
  3 merfolk avatars
  6 anacondas
  2 spriggan air magi
  3 spriggan skeletons
  11 centaur warriors
  3 ogre magi
  3 alligator snapping turtles
  4 death knights
  8 merfolk aquamancers
  14 two-headed ogres
  4 vampire magi
  8 deep troll shamans
  34 dancing weapons
  17 naga sharpshooters
  9 orc high priests
  2 satyrs (Zot:2)
  12 deep troll earth magi
  7 boulder beetles
  6 spriggan berserkers
  12 tengu warriors
  A titan zombie (Crypt:3)
  11 shock serpents
  11 hell hogs
  4 occultists
  A soul eater (Crypt:1)
  14 naga warriors
  Urug (D:11)
  16 deep elf knights
  17 hell knights
  10 iron trolls
  A sun demon (Depths:2)
  16 deep elf archers
  A fire crab (Lair:5)
  5 skysharks
  A sixfirhy (D:3)
  31 skeletal warriors
  A death drake (shapeshifter) (Vaults:5)
  4 salamander mystics
  11 sea snakes
  An anaconda zombie (Crypt:3)
  2 storm dragon skeletons (Crypt:3)
  4 bog bodies
  6 mana vipers
  4 glowing orange brains
  3 flayed ghosts (Depths:2)
  5 naga ritualists
  An orange crystal statue (IceCv)
  A bunyip skeleton (Crypt:3)
  8 arcanists
  53 deep trolls
  8 thermic dynamos
  An anaconda skeleton (Crypt:3)
  A mana viper (shapeshifter) (Vaults:2)
  10 phantasmal warriors
  An orb spider (shapeshifter) (Vaults:5)
  Pikel (D:5)
  An obsidian bat (D:13)
  28 deep elf zephyrmancers
  21 ironbound convokers
  A shadow dragon zombie (Crypt:3)
  33 deep elf pyromancers
  12 necromancers
  9 orc knights
  8 orc sorcerers
  31 harpies
  4 oklob plants (Lair:5)
  A glowing shapeshifter (Depths:2)
  9 lindwurms
  A stone giant zombie (Vaults:3)
  7 shining eyes
  13 fauns
  A fire giant zombie (Vaults:3)
  13 salamanders
  44 ugly things
  6 cyclopes
  A worldbinder (Gauntlet)
  15 manticores
  25 moths of wrath
  Maurice (D:7)
  15 elephants
  3 meliai (Lair:4)
  5 kobold blastminers (Orc:2)
  41 black mambas
  Joseph (D:8)
  19 vault sentinels
  12 merfolk sirens
  A stone giant skeleton (Crypt:3)
  3 eyes of devastation
  A moth of wrath (shapeshifter) (Vaults:5)
  16 water nymphs
  16 naga magi
  5 gargoyles (D:14)
  A titan simulacrum (Crypt:2)
  3 molten gargoyles (Lair:5)
  5 cane toads
  A yellow draconian zombie (Crypt:2)
  11 guardian serpents
  6 storm dragon simulacra
  Maggie (D:8)
  Jeremiah (D:8)
  5 unseen horror zombies (D:9)
  17 komodo dragons
  9 rime drakes
  9 tengu conjurers
  6 unseen horrors
  27 yaktaurs
  8 kobold demonologists
  An alligator snapping turtle skeleton (Crypt:3)
  A bunyip simulacrum (Crypt:2)
  5 golden dragon simulacra (IceCv)
  8 freezing wraiths
  2 guardian mummies
  A black draconian skeleton (Crypt:2)
  A queen bee (Lair:4)
  29 merfolk
  8 trolls
  A tyrant leech (shapeshifter) (Vaults:5)
  A hellwing (D:4)
  6 polar bears
  5 hornets
  2 harpy skeletons
  11 wind drakes
  Prince Ribbit (D:6)
  A fire dragon zombie (Crypt:3)
  A wolf spider simulacrum (Gauntlet)
  An iron dragon simulacrum (Depths:3)
  A human simulacrum (Vaults:3)
  7 snapping turtles
  9 dream sheep
  5 blink frogs (Lair:3)
  A boulder beetle zombie (Crypt:1)
  4 glass eyes
  An ice dragon skeleton (Crypt:1)
  90 slime creatures
  7 shadows
  Sigmund (D:6)
  An ettin skeleton (Crypt:2)
  9 air elementals
  31 yaks
  2 centaur simulacra (Gauntlet)
  5 spriggans
  A spriggan (shapeshifter) (Depths:4)
  A wyvern (shapeshifter) (D:13)
  2 ushabtiu (Crypt:2)
  39 water elementals
  13 wraiths
  A yak (shapeshifter) (Elf:2)
  7 vampires
  2 fire bats (Gauntlet)
  8 wyverns
  A culicivora (Vaults:2)
  Grum (D:11)
  5 fire elementals
  A human (shapeshifter) (D:13)
  Eustachio (D:6)
  11 golden eyes
  6 basilisks
  15 wargs
  11 redbacks
  8 steam dragons
  13 vampire mosquitoes
  37 nagas
  10 hell hounds
  3 acid dragons
  A naga skeleton (Crypt:3)
  12 water moccasins
  A hornet zombie (D:9)
  A swamp dragon zombie (Crypt:2)
  A sky beast (D:6)
  3 ettin simulacra (Depths:3)
  32 laughing skulls
  5 ice dragon simulacra (IceCv)
  36 orc warriors
  2 ice beasts
  8 wolves
  21 centaurs
  5 phantoms
  4 boggarts
  A lemure (D:5)
  4 ogres (Orc:1)
  A blink frog skeleton (Crypt:2)
  4 kobold brigands
  14 bullfrogs
  7 gnoll sergeants
  2 earth elementals (Elf:1)
  A vine stalker zombie (Crypt:1)
  A yaktaur skeleton (Crypt:2)
  4 scorpions (D:4)
  A small abomination (D:10)
  9 wights
  A hornet simulacrum (Gauntlet)
  4 troll zombies (D:10)
  30 killer bees
  6 lindwurm simulacra (IceCv)
  11 howler monkeys
  7 electric eels
  5 lava snakes (Lair:5)
  A bombardier beetle (D:4)
  5 centaur zombies
  A jelly (D:6)
  5 hounds
  12 orc priests
  A basilisk skeleton (Crypt:1)
  A gnoll bouda (D:9)
  Jessica (D:2)
  2 sleepcaps (D:6)
  An iguana (D:5)
  A scorpion zombie (Crypt:1)
  26 orc wizards
  4 hell rats (Lair:3)
  A deep dwarf zombie (Crypt:1)
  2 ogre zombies (D:10)
  A boggart simulacrum (Gauntlet)
  7 gnolls
  12 adders
  A steam dragon skeleton (Crypt:1)
  A shadow imp (D:5)
  A ribbon worm zombie (Crypt:2)
  3 white imps
  74 orcs
  9 bats
  10 endoplasms
  4 giant cockroaches
  3 gnoll zombies (D:10)
  7 hobgoblins
  2 jackals (D:2)
  30 kobolds
  5 quokkas
  3 training dummies (Snake:3)
  6 ball pythons
  3 frilled lizards
  3 gnoll skeletons (D:10)
  13 goblins
  A kobold skeleton (Crypt:1)
  2 orc skeletons (D:10)
  11 orc zombies (D:10)
  5 rats
  3 aspiring fleshes
2745 creatures vanquished.

Vanquished Creatures (collateral kills)
  Mara (Vaults:5)
  A quicksilver ooze (Slime:1)
  A rakshasa (Depths:3)
  2 slime creatures
  2 boulders (D:11)
7 creatures vanquished.

Vanquished Creatures (others)
  Josephina (Depths:3)
  A death cob (Zot:1)
  A deep elf zephyrmancer (Elf:1)
  A titan simulacrum (Depths:3)
  A golden dragon simulacrum (Depths:3)
  An orc (Orc:2)
  A boulder (Gauntlet)
7 creatures vanquished.

Grand Total: 2759 creatures vanquished

Notes
Turn   | Place    | Note
-------+----------+-------------------------------------------
     0 | D:1      | Autsider the Gargoyle Earth Elementalist began the quest
                  | for the Orb.
     0 | D:1      | Reached XP level 1. HP: 10/10 MP: 3/3
   173 | D:1      | Reached skill level 4 in Earth Magic
   173 | D:1      | Reached XP level 2. HP: 16/16 MP: 0/5
   475 | D:1      | Reached skill level 1 in Fighting
   759 | D:2      | Reached XP level 3. HP: 20/20 MP: 1/6
  1145 | D:2      | Reached XP level 4. HP: 23/25 MP: 3/7
  1310 | D:2      | Noticed Jessica
  1319 | D:2      | Killed Jessica
  1320 | D:2      | Reached skill level 5 in Earth Magic
  1367 | D:2      | Found a runed translucent door.
  1368 | D:2      | Noticed Crazy Yiuf
  1582 | D:2      | Learned a level 3 spell: Stone Arrow
  1888 | D:3      | Reached XP level 5. HP: 20/30 MP: 9/9
  2651 | D:4      | Reached XP level 6. HP: 36/36 MP: 7/10
  2846 | D:4      | Reached skill level 6 in Earth Magic
  2984 | D:4      | Identified the +1 quarterstaff "Lejudaix" {elec, Str+4
                  | Int+5}
  3155 | D:4      | Reached XP level 7. HP: 25/41 MP: 2/12
  3517 | D:4      | Reached skill level 7 in Earth Magic
  3656 | D:4      | Found a glowing silver altar of Zin.
  3656 | D:4      | Noticed an angel
  3798 | D:4      | Found a broken altar of Ashenzari.
  3862 | D:5      | Entered Level 5 of the Dungeon
  4049 | D:5      | Reached skill level 8 in Earth Magic
  4049 | D:5      | Reached XP level 8. HP: 48/48 MP: 10/14
  4344 | D:5      | Noticed Pikel
  4374 | D:5      | Killed Pikel
  4375 | D:5      | Reached skill level 5 in Fighting
  4375 | D:5      | Reached skill level 5 in Spellcasting
  4375 | D:5      | Reached skill level 9 in Earth Magic
  4616 | D:5      | Reached XP level 9. HP: 54/54 MP: 16/16
  4913 | D:6      | Reached skill level 10 in Earth Magic
  5016 | D:6      | Noticed Prince Ribbit
  5024 | D:6      | Killed Prince Ribbit
  5024 | D:6      | Noticed Eustachio
  5032 | D:6      | Killed Eustachio
  5156 | D:6      | Noticed Sigmund
  5163 | D:6      | Killed Sigmund
  5417 | D:6      | Reached skill level 11 in Earth Magic
  5842 | D:6      | Found a staircase to the Ecumenical Temple.
  5857 | Temple   | Entered the Ecumenical Temple
  5868 | Temple   | Became a worshipper of Sif Muna the Loreminder
  6289 | D:7      | Reached skill level 1 in Armour
  6289 | D:7      | Reached skill level 1 in Invocations
  6357 | D:7      | Noticed Konar's ghost (novice CoHu)
  6358 | D:7      | Noticed a manticore
  6359 | D:7      | Found a runed translucent gate.
  6359 | D:7      | Found a runed translucent gate.
  6361 | D:7      | Noticed a cyclops
  6365 | D:7      | Found a runed translucent gate.
  6459 | D:7      | Noticed Maurice
  6463 | D:7      | Maurice stole a +2 whip of flaming
  6465 | D:7      | Maurice stole a ring of ice
  6468 | D:7      | Maurice stole 8 poisoned darts
  6469 | D:7      | Maurice stole 337 gold
  6473 | D:7      | Killed Maurice
  6474 | D:7      | Reached XP level 10. HP: 20/63 MP: 13/19
  6943 | D:7      | Found a blossoming altar of Fedhas.
  6947 | D:7      | Found a hazy altar of Hepliaklqana.
  6947 | D:7      | Found a sacrificial altar of Ru.
  6947 | D:7      | Found an ancient bone altar of Kikubaaqudgha.
  6947 | D:7      | Found a burning altar of Makhleb.
  6949 | D:7      | Found a radiant altar of Vehumet.
  6950 | D:7      | Found a sparkling altar of Nemelex Xobeh.
  7159 | D:7      | Reached skill level 12 in Earth Magic
  7405 | D:8      | Noticed Maggie
  7411 | D:8      | Noticed Jeremiah
  7552 | D:8      | Noticed Joseph
  7563 | D:8      | Killed Joseph
  7875 | D:8      | Killed Maggie
  8000 | D:8      | Killed Jeremiah
  8125 | D:8      | Learned a level 4 spell: Brom's Barrelling Boulder
  8132 | D:8      | Found Hudi's General Store.
  8137 | D:8      | Bought a potion of degeneration for 15 gold pieces
  8137 | D:8      | Bought a scroll of identify for 30 gold pieces
  8706 | D:9      | Noticed a two-headed ogre
  8709 | D:9      | Killed a two-headed ogre
  8778 | D:9      | Reached XP level 11. HP: 53/68 MP: 4/21
  8800 | D:9      | Reached * piety under Sif Muna
  8952 | D:9      | Reached skill level 13 in Earth Magic
  9213 | D:9      | Found a flagged portal.
  9228 | Bailey   | Entered a bailey
  9253 | Bailey   | Reached ** piety under Sif Muna
 10246 | Bailey   | Reached skill level 5 in Invocations
 10463 | Bailey   | Reached *** piety under Sif Muna
 10499 | Bailey   | Identified the staff of Bodily Harmony {rF+ Str+7 Fire Air}
 10934 | D:10     | Entered Level 10 of the Dungeon
 11081 | D:10     | Found a staircase to the Orcish Mines.
 11228 | D:10     | Reached skill level 14 in Earth Magic
 11581 | D:10     | Reached **** piety under Sif Muna
 12561 | D:11     | Noticed a boulder beetle
 12687 | D:11     | Noticed Urug
 12709 | D:11     | Killed Urug
 12815 | D:11     | Learned a level 4 spell: Petrify
 13172 | D:11     | Noticed a sun demon
 13177 | D:11     | Reached XP level 12. HP: 76/76 MP: 9/24
 13283 | D:11     | Noticed Gastronok
 13326 | D:11     | Killed Gastronok
 13712 | D:11     | Killed a boulder beetle
 13917 | D:11     | Reached skill level 10 in Fighting
 13992 | D:11     | Noticed Grum
 13997 | D:11     | Killed Grum
 14212 | D:11     | Found a staircase to the Lair.
 14620 | D:12     | Noticed a two-headed ogre
 14623 | D:12     | Killed a two-headed ogre
 14702 | D:12     | Reached skill level 5 in Conjurations
 14984 | D:12     | Noticed a two-headed ogre
 14990 | D:12     | Killed a two-headed ogre
 15041 | D:12     | Found the +6 lightning scales {swift, rElec}
 15077 | D:12     | Reached ***** piety under Sif Muna
 15391 | D:12     | Noticed a boulder beetle
 15406 | D:12     | Killed a boulder beetle
 15561 | D:12     | Identified the +6 rapier of Doom {heavy, rCorr Dex+6}
 15576 | D:12     | Noticed Fannar
 15585 | D:12     | Killed Fannar
 15680 | D:12     | Reached XP level 13. HP: 84/84 MP: 14/26
 15792 | D:12     | Noticed Jorgrun
 15806 | D:12     | Killed Jorgrun
 16293 | D:12     | Reached skill level 10 in Spellcasting
 16293 | D:12     | Reached skill level 15 in Earth Magic
 16541 | D:11     | Learned a level 6 spell: Bombard
 16546 | Lair:1   | Entered Level 1 of the Lair of Beasts
 16585 | Lair:1   | Learned a level 4 spell: Flame Wave
 16651 | Lair:1   | Reached skill level 1 in Fire Magic
 16790 | Lair:1   | Identified the +1 trident of Autsider's Doom {antimagic,
                  | *Slow rN+ Int+5}
 18284 | Lair:2   | Found a staircase to the Snake Pit.
 18398 | Lair:2   | Reached skill level 5 in Armour
 19126 | Lair:3   | Found a staircase to the Shoals.
 19208 | Lair:3   | Found a gate leading to a gauntlet.
 19217 | Gauntlet | Entered a Gauntlet
 19217 | Gauntlet | Found a transporter.
 19327 | Gauntlet | Found a transporter.
 19329 | Gauntlet | Found a transporter.
 19342 | Gauntlet | Found a transporter.
 19343 | Gauntlet | Found a transporter.
 19352 | Gauntlet | Found a transporter.
 19368 | Gauntlet | Found a transporter.
 19381 | Gauntlet | Found a transporter.
 19389 | Gauntlet | Found a runed translucent gate.
 19389 | Gauntlet | Found a runed translucent gate.
 19389 | Gauntlet | Found a runed translucent gate.
 19393 | Gauntlet | Found a transporter.
 19398 | Gauntlet | Found a transporter.
 19413 | Gauntlet | Found a transporter.
 19426 | Gauntlet | Found a transporter.
 19426 | Gauntlet | Found a transporter.
 19479 | Gauntlet | Found a transporter.
 19584 | Gauntlet | Received a gift from Sif Muna
 19586 | Gauntlet | Noticed a purple very ugly thing
 19586 | Gauntlet | Noticed a cyan very ugly thing
 19588 | Gauntlet | Got Sif Muna's Secrets of Lamentation {god gift}
 19595 | Gauntlet | Learned a level 5 spell: Borgnjor's Vile Clutch
 19731 | Gauntlet | Reached skill level 5 in Fire Magic
 19736 | Gauntlet | Reached skill level 5 in Dodging
 20042 | Gauntlet | Noticed a minotaur
 20049 | Gauntlet | Killed a minotaur
 20050 | Gauntlet | Gained mutation: Your large and strong wings let you fly.
                  | [Gargoyle growth]
 20050 | Gauntlet | Reached XP level 14. HP: 70/92 MP: 4/28
 21276 | Lair:4   | Reached skill level 16 in Earth Magic
 22910 | Lair:4   | Identified the +1 hat "Weawn" {Harm Regen+ Dex-3}
 23136 | Lair:4   | Reached skill level 17 in Earth Magic
 23303 | Lair:4   | Identified the +1 trident of Disharmony {drain, rElec MP+9
                  | Str+3}
 23557 | Lair:4   | Got the Reference Book on Frostbitten Minerals
 23657 | Lair:4   | Received a gift from Sif Muna
 23681 | Lair:4   | Got Sif Muna's Lectures on Glowing Algor {god gift}
 24141 | Lair:5   | Entered Level 5 of the Lair of Beasts
 24489 | Lair:5   | Reached skill level 1 in Shields
 24591 | Lair:5   | Found a viscous altar of Jiyva.
 25032 | Lair:5   | Reached XP level 15. HP: 100/100 MP: 19/29
 25100 | Lair:5   | Found a large runed translucent door.
 25100 | Lair:5   | Found a large runed translucent door.
 26090 | Lair:5   | Found a staircase to the Slime Pits.
 26544 | Lair:5   | Identified the amulet "Agiunnaa" {+Inv rElec Regen+
                  | RegenMP+}
 26745 | D:11     | Reached XP level 16. HP: 106/106 MP: 30/30
 27208 | D:13     | You are sucked into a shaft and drop 1 floor!
 28383 | D:13     | Identified the +9 whip "Zegiliji" {drain, rC+++ rCorr Str-4
                  | SInv}
 29179 | D:14     | Reached skill level 18 in Earth Magic
 29332 | D:14     | Received a gift from Sif Muna
 29333 | D:14     | Got Sif Muna's Compilation of the Wind and Power {god gift}
 29378 | D:14     | Found the +3 pair of gauntlets of War {Slay+5}
 29391 | D:14     | Found a gate to the Vaults.
 29793 | D:14     | Reached XP level 17. HP: 111/111 MP: 20/31
 29828 | D:14     | Identified the +8 flail "Ziojidwo" {drain, ^Fragile Int+6
                  | SInv Stlth+}
 29863 | D:14     | Reached skill level 10 in Shields
 29922 | D:14     | Identified the +0 leather armour of Atsusteemn {rC++ Dex+3}
 30670 | D:15     | Entered Level 15 of the Dungeon
 30867 | D:15     | Found a staircase to the Depths.
 31026 | D:15     | Noticed Nessos
 31039 | D:15     | Killed Nessos
 31641 | D:15     | Found a shimmering blue altar of Sif Muna.
 31795 | Orc:1    | Entered Level 1 of the Orcish Mines
 31809 | Orc:1    | Paralysed by an ogre mage for 4 turns
 31959 | Orc:1    | Found a runed translucent door.
 31961 | Orc:1    | Noticed Meogie's ghost (journeyman MiBe)
 32072 | Orc:1    | Killed Meogie's ghost
 32073 | Orc:1    | Reached skill level 10 in Invocations
 32104 | Orc:1    | Identified the +3 chain mail "Pufuela" {Harm}
 32121 | Orc:2    | Entered Level 2 of the Orcish Mines
 32121 | Orc:2    | Found Kuessil's Book Emporium.
 32253 | Orc:2    | Found a roughly hewn altar of Beogh.
 32318 | Orc:2    | Found a roughly hewn altar of Beogh.
 32610 | Orc:2    | Found a staircase to the Elven Halls.
 32833 | Orc:2    | Reached skill level 10 in Conjurations
 32861 | Orc:2    | Found Tyizu's Assorted Antiques.
 32861 | Orc:2    | Found Koeplyef's Distillery.
 32869 | Orc:2    | Reached skill level 19 in Earth Magic
 32902 | Orc:2    | Found Gexu's Assorted Antiques.
 32902 | Orc:2    | Found Unnaurob's Magic Scroll Boutique.
 32911 | Orc:2    | Bought a scroll of identify for 60 gold pieces
 32911 | Orc:2    | Bought a clear potion for 27 gold pieces
 32915 | Orc:2    | Bought a scroll labelled ACHUOH NUFOMEA for 38 gold pieces
 32917 | Orc:2    | Bought a scroll of identify for 32 gold pieces
 33156 | Orc:1    | Found a roughly hewn altar of Beogh.
 33540 | Snake:1  | Entered Level 1 of the Snake Pit
 33644 | Orc:2    | Bought a book of the Earth for 504 gold pieces
 33753 | Snake:1  | Learned a level 5 spell: Lee's Rapid Deconstruction
 33758 | Snake:1  | Learned a level 4 spell: Leda's Liquefaction
 33799 | Snake:1  | Identified the serpent talisman "Ogeeps" {rC++}
 33799 | Snake:1  | Noticed Aizul
 33804 | Snake:1  | Killed Aizul
 33958 | Snake:1  | You are sucked into a shaft and drop 1 floor!
 34199 | Snake:2  | Received a gift from Sif Muna
 34209 | Snake:2  | Got Sif Muna's Volume of Sandy Quintessence {god gift}
 34309 | Snake:1  | Found Qeppuloa's Distillery.
 34331 | Snake:1  | Found Qeggaib's Assorted Antiques.
 34334 | Snake:1  | Found Danomm's Jewellery Shoppe.
 34407 | Snake:1  | Reached skill level 1 in Evocations
 35164 | Snake:2  | Noticed Roxanne
 35180 | Snake:2  | Killed Roxanne
 35599 | Snake:2  | Reached skill level 5 in Stealth
 35708 | Snake:3  | Found Addaseh's Firing Range.
 35906 | Snake:3  | Reached XP level 18. HP: 116/116 MP: 26/32
 37835 | Snake:3  | Received a gift from Sif Muna
 37842 | Snake:3  | Got Sif Muna's Tractate on Charged Ignition {god gift}
 38217 | Snake:3  | Got the Book of Bringing Forth and Misfortune
 38399 | Snake:4  | Entered Level 4 of the Snake Pit
 38442 | Snake:4  | Noticed Vashnia
 38531 | Snake:4  | Found a bloodstained altar of Trog.
 38560 | Snake:4  | Noticed Louise
 38608 | Snake:3  | Killed Louise
 39158 | Snake:4  | Found Xuapi's Clear Minds Boutique.
 39159 | Snake:4  | Killed Vashnia
 39529 | Snake:4  | Reached skill level 15 in Fighting
 39772 | Snake:4  | Reached XP level 19. HP: 122/124 MP: 9/34
 40004 | Snake:4  | Reached skill level 20 in Earth Magic
 40134 | Snake:4  | Got a serpentine rune of Zot
 40246 | Snake:4  | Bought the ring "Maemp" {^Drain rF++ Str+8 Dex+6 Clar} for
                  | 1628 gold pieces
 40471 | Shoals:1 | Entered Level 1 of the Shoals
 40657 | Shoals:1 | Received a gift from Sif Muna
 40658 | Shoals:1 | Reached skill level 1 in Staves
 40660 | Shoals:1 | Reached skill level 5 in Evocations
 40660 | Shoals:1 | Got Sif Muna's Incunable of Underground Violence {god gift}
 41246 | Shoals:1 | Noticed Mlioglotl
 41260 | Shoals:1 | Killed Mlioglotl
 41701 | Shoals:2 | Acquired 292 gold pieces
 42720 | Shoals:3 | Received a gift from Sif Muna
 42890 | Shoals:3 | Identified the +3 plate armour "Lolunop" {Will+ rCorr Dex+3
                  | SInv}
 43049 | Shoals:3 | Noticed Bai Suzhen
 43075 | Shoals:3 | Killed Bai Suzhen
 43385 | Shoals:3 | Reached XP level 20. HP: 122/129 MP: 25/36
 43614 | Shoals:4 | Entered Level 4 of the Shoals
 43620 | Shoals:4 | Paralysed by an air elemental for 1 turns
 43863 | Shoals:4 | Received a gift from Sif Muna
 43988 | Shoals:4 | Reached skill level 15 in Invocations
 44003 | Shoals:4 | Got a barnacled rune of Zot
 44004 | Shoals:4 | Identified the +2 flail of Patience {speed, rElec rN+
                  | Int-2}
 44484 | Shoals:4 | Found a stormy altar of Qazlal.
 44823 | Elf:1    | Entered Level 1 of the Elven Halls
 44828 | Elf:1    | Noticed Ivarchef's ghost (journeyman GrEE)
 44831 | Elf:1    | Found a runed translucent door.
 44895 | Elf:1    | Found Ijac's Armour Boutique.
 45042 | Elf:1    | Reached skill level 1 in Ice Magic
 45132 | Elf:1    | Received a gift from Sif Muna
 45136 | Elf:1    | Paralysed by an air elemental for 1 turns
 45217 | Elf:1    | Got Sif Muna's Folio of the Shot {god gift}
 45265 | Elf:1    | Identified the ring of Lief Did {Slay+6 SInv}
 45278 | Elf:1    | Reached skill level 10 in Armour
 45420 | Elf:1    | Identified the amulet "Fuufarr" {RegenMP+ rCorr Str+3}
 45948 | Elf:1    | Killed Ivarchef's ghost
 46063 | Elf:2    | Paralysed by an air elemental for 1 turns
 46172 | Elf:2    | Found a glacial archway.
 46182 | IceCv    | Entered an ice cave
 46187 | IceCv    | Reached XP level 21. HP: 136/136 MP: 30/38
 46469 | IceCv    | Identified the ring "Zaet" {*Corrode rPois Int+7 Dex-4
                  | SInv}
 46983 | Elf:2    | Found a runed translucent gate.
 46983 | Elf:2    | Found a runed translucent gate.
 46983 | Elf:2    | Found a runed translucent gate.
 47298 | Elf:2    | Received a gift from Sif Muna
 47299 | Elf:2    | Reached skill level 5 in Ice Magic
 47299 | Elf:2    | Got Sif Muna's Incunabulum of Iotic Embers {god gift}
 47502 | Elf:2    | Reached skill level 15 in Shields
 47907 | D:11     | Learned a level 6 spell: Permafrost Eruption
 48017 | Elf:3    | Entered Level 3 of the Elven Halls
 48017 | Elf:3    | Noticed Zenata
 48030 | Elf:2    | Killed Zenata
 48119 | Elf:3    | Reached skill level 1 in Alchemy
 49049 | Elf:3    | Identified the +1 buckler of the Cockroach {Dex+6}
 49153 | Elf:3    | Identified the +12 long sword "Temnuv" {vamp, Fly MP+9
                  | Int-3}
 49153 | Elf:3    | Identified the +0 robe of the Valley of Death {rF+}
 49153 | Elf:3    | Identified the ring "Qexzyhij" {rC+ EV+5 Dex+2 SInv}
 49208 | Elf:3    | Identified the amulet "Faxkaep" {Spirit rN+ Int+3}
 49539 | Elf:3    | Identified the ring "Itainoe" {Int+4 Dex+6}
 49541 | Elf:3    | Received a gift from Sif Muna
 49547 | Elf:3    | Got Qipayk's Book of Summoning and Maleficia
 49557 | Elf:3    | Identified the staff of Winah {rC+ Int+3 Conj}
 49909 | Vaults:1 | Entered Level 1 of the Vaults
 50132 | Vaults:1 | Reached XP level 22. HP: 143/143 MP: 25/40
 50139 | Vaults:1 | Identified the +4 arbalest of Wanin {freeze, rElec Str+5}
 51317 | Vaults:1 | Found Kaanec's Book Boutique.
 51969 | Vaults:2 | Found a staircase to the Crypt.
 52192 | Vaults:2 | Found Cefyaric's Jewellery Shop.
 52310 | Vaults:2 | Received a gift from Sif Muna
 52313 | Vaults:2 | Reached skill level 21 in Earth Magic
 52313 | Vaults:2 | Got Sif Muna's Advanced Steps in Gnosis {god gift}
 52643 | Vaults:2 | Reached skill level 15 in Spellcasting
 54526 | Vaults:3 | Reached XP level 23. HP: 150/151 MP: 16/42
 54843 | Vaults:4 | Noticed Mennas
 54913 | Vaults:4 | Reached skill level 10 in Fire Magic
 54999 | Vaults:4 | Received a gift from Sif Muna
 55056 | Vaults:4 | Got Sif Muna's Vademecum on Cold Oxidation {god gift}
 55599 | Vaults:4 | Killed Mennas
 55764 | Vaults:4 | Reached skill level 22 in Earth Magic
 56008 | Vaults:4 | Reached skill level 10 in Ice Magic
 56847 | Crypt:1  | Entered Level 1 of the Crypt
 56886 | Crypt:1  | Found the -2 hat of the Alchemist {rElec rPois rF+ rC+ rN+
                  | Will+ rMut rCorr}
 57397 | Crypt:1  | Received a gift from Sif Muna
 57451 | Crypt:1  | Got Sif Muna's Textbook on Blasting and the Compass {god
                  | gift}
 57616 | Crypt:1  | Reached skill level 5 in Alchemy
 57868 | Crypt:1  | Found a basalt altar of Yredelemnul.
 58147 | Crypt:2  | Reached skill level 5 in Staves
 58706 | Crypt:2  | Identified the ring of Gaqi Ucy {Will+ rCorr Str+6 Dex+3}
 59263 | Crypt:2  | Found an ancient bone altar of Kikubaaqudgha.
 59314 | Crypt:2  | Reached XP level 24. HP: 160/160 MP: 34/43
 59347 | Crypt:3  | Entered Level 3 of the Crypt
 59959 | Crypt:3  | Received a gift from Sif Muna
 59960 | Crypt:3  | Got Sif Muna's Vellum of Esoterica {god gift}
 60462 | Crypt:3  | Noticed Sojobo
 60479 | Crypt:3  | Killed Sojobo
 60941 | Crypt:3  | Found a staircase to the Tomb.
 61073 | Crypt:3  | Noticed a dread lich
 61089 | Crypt:3  | Killed a dread lich
 61172 | Crypt:3  | Found a basalt altar of Yredelemnul.
 61190 | Crypt:3  | Got Guryth's Papyrus of Nightshade
 61580 | Depths:1 | Entered Level 1 of the Depths
 61586 | Depths:1 | Reached skill level 23 in Earth Magic
 61828 | Depths:1 | Found Meumen's Fire Supplies.
 62157 | Depths:1 | Found a one-way gate to the infinite horrors of the Abyss.
 62803 | Depths:1 | Found a gateway to Hell.
 63138 | Depths:2 | Received a gift from Sif Muna
 63139 | Depths:2 | Noticed the Enchantress
 63160 | Depths:2 | Killed the Enchantress
 63328 | Depths:2 | Reached XP level 25. HP: 161/168 MP: 14/43
 63548 | Depths:2 | Found an iron altar of Okawaru.
 63772 | Depths:2 | Found a burning altar of Makhleb.
 64000 | Depths:2 | Found a snail-covered altar of Cheibriados.
 64263 | Depths:2 | Received a gift from Sif Muna
 64266 | Depths:2 | Got Sif Muna's Elucidation of Cunning Bolts {god gift}
 64379 | Depths:2 | Found a white marble altar of Elyvilon.
 64411 | Depths:2 | Reached skill level 24 in Earth Magic
 64885 | Depths:2 | Found a one-way gate leading to the halls of Pandemonium.
 65121 | Depths:2 | Reached skill level 10 in Dodging
 65184 | Depths:2 | Found Qoobreug's General Store.
 65184 | Depths:2 | Found Sassyky's Magic Scroll Boutique.
 65185 | Depths:2 | Found Vuinalel's Jewellery Shop.
 65185 | Depths:2 | Found Ecsap's Assorted Antiques.
 65193 | Depths:2 | Bought a scroll of enchant armour for 127 gold pieces
 65193 | Depths:2 | Bought a scroll of enchant armour for 127 gold pieces
 65209 | Depths:2 | Identified the +0 leather armour of Loss {-Tele rElec rN+}
 65376 | Depths:2 | Acquired 782 gold pieces
 65802 | Depths:3 | You are sucked into a shaft and drop 1 floor!
 65802 | Depths:4 | Entered Level 4 of the Depths
 66044 | Depths:4 | Received a gift from Sif Muna
 66138 | Depths:4 | Found a gate to the Realm of Zot.
 66287 | Depths:3 | Identified the ring "Mubredgh" {Ice rPois Int+3 Dex-4
                  | Stlth+}
 66287 | Depths:3 | Noticed Josephina
 66299 | Depths:3 | Killed Josephina
 66590 | Depths:3 | Reached XP level 26. HP: 174/174 MP: 38/43
 66608 | Depths:3 | Noticed Parghit
 66683 | Depths:3 | Learned a level 9 spell: Shatter
 66691 | Depths:3 | Learned a level 7 spell: Seismic Cannonade
 66966 | Depths:3 | Reached skill level 10 in Evocations
 67273 | Depths:3 | Acquired a manual of Conjurations
 67576 | Depths:4 | Noticed an ancient lich
 67577 | Depths:4 | Found a one-way gateway to a ziggurat.
 67771 | Depths:4 | Found a transporter.
 67777 | Depths:4 | Noticed a juggernaut
 67778 | Depths:4 | Noticed Kuligiro's ghost (veteran DsWn)
 67902 | Depths:4 | Found a bloodstained altar of Trog.
 67921 | Depths:4 | Found a transporter.
 67954 | Depths:4 | Killed an ancient lich
 67955 | Depths:4 | Reached skill level 25 in Earth Magic
 68438 | Slime:1  | Entered Level 1 of the Pits of Slime
 68458 | Slime:1  | Received a gift from Sif Muna
 68475 | Slime:1  | Gained mutation: You occasionally lose the ability to read
                  | scrolls when taking damage. [a shining eye]
 68477 | Slime:1  | Gained mutation: You are weak. (Str -2) [a shining eye]
 68992 | Slime:5  | Entered Level 5 of the Pits of Slime
 68992 | Slime:5  | Found the +3 pair of seven-league boots {Rampage+∞}
 69025 | Slime:5  | Noticed the Royal Jelly
 69203 | Slime:4  | Noticed Dissolution
 69458 | Slime:5  | Found a viscous altar of Jiyva.
 69790 | Slime:5  | Killed the Royal Jelly
 69848 | Slime:5  | Got the Collected Works on Deathly Outbursts
 69849 | Slime:5  | Identified the staff "Tolaco" {rElec rPois rN+ Will+
                  | Alchemy}
 69919 | Slime:5  | Identified the +0 ring mail of the Gastropod {rElec rF+
                  | Str-2 Dex+5}
 69924 | Slime:5  | Got a slimy rune of Zot
 69969 | Slime:5  | Identified the +0 leather armour "Icsin" {Regen+ Int+4}
 70625 | Vaults:4 | Learned a level 5 spell: Freezing Cloud
 70632 | Vaults:4 | Learned a level 6 spell: Starburst
 70635 | Vaults:5 | Entered Level 5 of the Vaults
 70644 | Vaults:5 | Reached skill level 26 in Earth Magic
 70648 | Vaults:5 | Noticed Saint Roka
 70660 | Vaults:5 | Killed Saint Roka
 70660 | Vaults:5 | Received a gift from Sif Muna
 70709 | Vaults:5 | Identified the +2 robe of Protective Custody {^Contam Harm
                  | Regen+ Int+6}
 70721 | Vaults:5 | Noticed Mara
 70737 | Vaults:5 | Killed Mara
 70752 | Vaults:5 | Reached skill level 27 in Earth Magic
 70789 | Vaults:5 | Reached XP level 27. HP: 160/179 MP: 15/43
 71174 | Vaults:5 | Got a silver rune of Zot
 71609 | Vaults:5 | Reached skill level 15 in Conjurations
 71609 | Vaults:5 | Received a gift from Sif Muna
 71672 | Vaults:5 | Got Varyeloh's Folio of the Voyage and Arcane Combat {god
                  | gift}
 71906 | Vaults:5 | Identified the +1 chain mail of the Farrier {rElec Will+
                  | Int+7}
 71955 | Vaults:5 | Identified the +7 scimitar "Kafismij" {antimagic, rC++
                  | SInv}
 71956 | Vaults:5 | Identified the +4 scimitar of Chance {elec, rElec rF+ rC+
                  | Int-4}
 71959 | Vaults:5 | Identified the +2 pearl dragon scales "Joipha" {rN+ Dex+3}
 71970 | Vaults:5 | Identified the +2 longbow of Seriah {freeze, rF- rN+++
                  | Str+3 SInv}
 71970 | Vaults:5 | Identified the amulet "Boix" {rElec Regen+ Slay+2}
 72378 | Vaults:5 | Identified the +0 ring mail "Illiffus" {rElec rF+}
 73296 | D:11     | Learned a level 9 spell: Shatter
 73434 | Zot:1    | Entered Level 1 of the Realm of Zot
 73759 | Zot:1    | Noticed an orb of fire
 73763 | Zot:1    | Killed an orb of fire
 75023 | Zot:2    | Reached skill level 15 in Ice Magic
 75041 | Zot:2    | Received a gift from Sif Muna
 75045 | Zot:2    | Got Sif Muna's Incunable of Hyperbolic Degeneration {god
                  | gift}
 76241 | Zot:3    | Noticed an orb of fire
 76249 | Zot:3    | Killed an orb of fire
 76565 | Zot:3    | Found a transporter.
 76581 | Zot:3    | Noticed a dread lich
 76594 | Zot:3    | Noticed an ancient lich
 76608 | Zot:3    | Noticed an ancient lich
 76719 | Zot:3    | Noticed Konar's ghost (legendary CoHu)
 76773 | Zot:3    | Found a transporter.
 76993 | Zot:3    | Identified the +0 leather armour of the Freezing Gods {Harm
                  | rElec rC+++ Slay-2}
 77222 | Zot:4    | Noticed an orb of fire
 77476 | Zot:4    | Reached skill level 15 in Fire Magic
 77607 | Zot:4    | Gained mutation: You sometimes lose your temper in combat.
                  | [an orb of fire]
 77613 | Zot:4    | Killed an orb of fire
 77680 | Zot:4    | Found the +4 dragonskin cloak {Aegis}
 77680 | Zot:4    | Noticed Tiamat
 77806 | Zot:4    | Killed Tiamat
 78406 | Zot:4    | Identified the staff "Orb Guardian's Doom" {rF+ MP+9 Stlth-
                  | Tloc Fire Alchemy}
 78881 | Zot:4    | Learned a level 3 spell: Swiftness
 78882 | Zot:5    | Entered Level 5 of the Realm of Zot
 79100 | Zot:5    | Lost mutation: You sometimes lose your temper in combat.
                  | [potion of mutation]
 79100 | Zot:5    | Lost mutation: You are weak. (Str -2) [potion of mutation]
 79100 | Zot:5    | Gained mutation: Your muscles are strong. (Str +4, Int/Dex
                  | -1) [potion of mutation]
 79100 | Zot:5    | Gained mutation: You have a pair of small horns on your
                  | head. [potion of mutation]
 79101 | Zot:5    | Lost mutation: You occasionally lose the ability to read
                  | scrolls when taking damage. [potion of mutation]
 79101 | Zot:5    | Lost mutation: Your muscles are strong. (Str +4, Int/Dex
                  | -1) [potion of mutation]
 79101 | Zot:5    | Lost mutation: You have a pair of small horns on your head.
                  | [potion of mutation]
 79101 | Zot:5    | Gained mutation: You have supernaturally acute eyesight.
                  | (SInv) [potion of mutation]
 79101 | Zot:5    | Gained mutation: Your flesh is heat resistant. (rF+)
                  | [potion of mutation]
 79101 | Zot:5    | Gained mutation: You have hidden genetic potential. [potion
                  | of mutation]
 79892 | Zot:5    | Received a gift from Sif Muna
 79985 | Zot:5    | Got Sif Muna's Textbook on the Faeries and the Swarm {god
                  | gift}
 80288 | Zot:5    | Noticed an orb of fire
 80290 | Zot:5    | Noticed an orb of fire
 80297 | Zot:5    | Killed an orb of fire
 80304 | Zot:5    | Killed an orb of fire
 80311 | Zot:5    | Noticed an orb of fire
 80328 | Zot:5    | Gained mutation: Your health recovers twice as slowly from
                  | being drained. [an orb of fire]
 80339 | Zot:5    | Gained mutation: Armour fits poorly on your strangely
                  | shaped body. [an orb of fire]
 80340 | Zot:5    | Killed an orb of fire
 80799 | Zot:5    | Noticed a dread lich
 80805 | Zot:5    | Killed a dread lich
 81156 | Zot:5    | Learned a level 2 spell: Blink
 81164 | Zot:5    | Learned a level 7 spell: Spellforged Servitor
 81171 | Zot:5    | Got the Orb of Zot
 81423 | Depths:2 | Noticed a seraph
 81525 | D:11     | Noticed Olirakk the pandemonium lord
 81594 | D:10     | Noticed Xaeprutza the pandemonium lord
 81691 | D:4      | Noticed Reiretyq the pandemonium lord
 81791 | D:1      | Noticed a seraph
 81807 | D:$      | Escaped with the Orb!

Illustrated notes

Levels and vault maps discovered:
D:1:      scummos_arrival_simple_fountains, layout_rooms
D:2:      layout_basic, guppyfry_early_orc_mine, uniq_jessica,
          uniq_crazy_yiuf_cottage
D:3:      layout_loops_ring, chequers_serial_rivers_micro_b, minmay_diced_spiral
D:4:      kennysheep_kobold_camp, layout_loops_corners, lemuel_tele_altar,
          zin_angel
D:5:      layout_basic, uniq_pikel
D:6:      layout_cave_pools, minmay_temple_entry_statues, serial_bayou,
          serial_bayou_crossing, serial_bayou_ford_a, serial_bayou_lagoon_a,
          serial_bayou_lagoon_b, minmay_door_square, billiards_dpeg,
          uniq_eustachio, uniq_sigmund, uniq_prince_ribbit1
D:7:      layout_loops_ring, grunt_temple_overflow_open, gammafunk_ghost_split,
          uniq_maurice
D:8:      layout_loops_cross, serial_shops, nicolae_shop_rolling_square,
          kennysheep_generic_room_13, uniq_joseph, uniq_jeremiah, uniq_maggie
D:9:      layout_rooms, serial_undead, serial_undead_d, serial_undead_a,
          serial_undead_b, serial_undead_a, enter_bailey_5
D:10:     layout_grid_maze, zombieorc1_lemuel
D:11:     layout_roguey, erik_lair_island, uniq_gastronok, uniq_urug, uniq_grum
D:12:     layout_rooms, nicolae_straight_to_the_point, uniq_jorgrun, uniq_fannar
D:13:     lemuel_castle_with_subvaults [lemuel_castle_interior_carwin_2],
          layout_irregular_city
D:14:     regret_index_all_hallows'_manor, layout_rooms, david_vaults_5,
          hangedman_abyss_or_decor_jellyfish_corner
D:15:     hellmonk_depths_entry_around_the_bend, layout_irregular_city,
          serial_library, serial_library_hellmonk_room_a,
          serial_library_hellmonk_small_alcove, serial_library_hellmonk_h_bend,
          serial_library_hellmonk_hallway_b,
          serial_library_regret_index_small_wings,
          serial_library_hellmonk_narrow_alcove,
          serial_library_hellmonk_filled_rooms, serial_library_hellmonk_room_a,
          serial_library_hellmonk_h_bend, minivault_23, uniq_nessos
Temple:   nicolae_temple_figure_eight
Lair:1:   layout_loops_ring, beast_lair_carwin_5
Lair:2:   layout_roguey, dummy_snake_entry, nicolae_lair_lindhole
Lair:3:   layout_regular_city, elwin_shoals_entry_rocks, gauntlet_entry_generic
Lair:4:   regret_index_wax_grids, layout_loops_ring
Lair:5:   cheibrodos_lair_end_hotspot, layout_loops_ring,
          minmay_slime_entry_oklob_enclosed
Shoals:1: layout_shoals, nicolae_shoals_secluded_bog, uniq_mlioglotl
Shoals:2: layout_shoals
Shoals:3: layout_shoals, uniq_bai_suzhen
Shoals:4: shoals_end_hellmonk_storm_palace [storm_palace_center_square,
          storm_palace_corner_reverse_hut, storm_palace_corner_blocked,
          storm_palace_corner_altar, storm_palace_corner_pillars]
Snake:1:  layout_misc_corridors, nicolae_snake_serpentine_bazaar, uniq_aizul
Snake:2:  nicolae_snake_unarmed_stairs_patrol, layout_misc_corridors,
          grunt_ministairs_11, uniq_roxanne
Snake:3:  kennysheep_snake, layout_onion_interference, nicolae_shop_firing_range
Snake:4:  hellmonk_snake_rune_quicksilver_temple, layout_misc_corridors,
          basic_altar, serial_library_hellmonk_open_square,
          nicolae_clarity_for_sale, uniq_louise, uniq_vashnia
Slime:1:  layout_caves, cheibrodos_slime_lost_civilization_5
Slime:2:  layout_caves
Slime:3:  cheibrodos_slime_lost_civilization_9, layout_caves
Slime:4:  layout_caves, special_room [special_room_jelly], uniq_dissolution
Slime:5:  slime_pit_nicolae_jellycorners
Orc:1:    layout_caves, basic_altar, ebering_ghost_inner_flame
Orc:2:    grunt_orc_tribal_feast, layout_caves, basic_altar, serial_shops,
          nicolae_shop_trees, mines1_david
Elf:1:    minmay_the_grid_square_5x5_5x5
          [minmay_the_grid_square_5x5_sharp_hourglass,
          minmay_the_grid_square_5x5_two_walls_b,
          minmay_the_grid_square_5x5_checkered_statues,
          minmay_the_grid_square_5x5_percent,
          minmay_the_grid_square_5x5_inverted_slash,
          minmay_the_grid_square_5x5_hollow_slash,
          minmay_the_grid_square_5x5_prize_snowflake,
          minmay_the_grid_square_5x5_one_wall,
          minmay_the_grid_square_5x5_prize_rear_guard,
          minmay_the_grid_square_5x5_doubleslash,
          minmay_the_grid_square_5x5_fat_x, minmay_the_grid_square_5x5_mess,
          minmay_the_grid_square_5x5_prize_itemx,
          minmay_the_grid_square_5x5_spiral,
          minmay_the_grid_square_5x5_tetrominoes,
          minmay_the_grid_square_5x5_inner_i,
          minmay_the_grid_square_5x5_prize_waves,
          minmay_the_grid_square_5x5_two_small,
          minmay_the_grid_square_5x5_prize_pseudospiral,
          minmay_the_grid_square_5x5_trominoes,
          minmay_the_grid_square_5x5_inner_v,
          minmay_the_grid_square_5x5_almost_minimal,
          minmay_the_grid_square_5x5_minimal,
          minmay_the_grid_square_5x5_longway,
          minmay_the_grid_square_5x5_intrusive_squares], layout_rooms,
          hellmonk_ghost_big_iron, serial_shops, shop,
          kennysheep_underground_church
Elf:2:    nicolae_elf_blades_splatter_lattice
          [nicolae_blade_entry_hurt_lockers], layout_loops_ring,
          portal_ice_cave_entry_pillars_four, amcnicky_mini_rare_corridor_liquid
Elf:3:    minmay_elf_hall_statues, layout_geoelf_octagon, grunt_ministairs_10,
          statue_in_the_mist_lemuel, dk_noncrumbling_3,
          serial_sigils_hangedman_scratch, uniq_zenata
Vaults:1: v_misc_3, nicolae_vaults_tetromino_L_2, nicolae_vaults_shelves_hall,
          nicolae_vaults_angled_halls, nicolae_vaults_diamond_2,
          nicolae_vaults_yaktaur_gun_rack, nicolae_vaults_storage_closets_3,
          layout_vaults_omnigrid, serial_shops, nicolae_shop_behind_doors
Vaults:2: nicolae_vaults_double_plus_1, nicolae_vaults_wine_cellar,
          minmay_crypt_entry_simple_box, nicolae_vaults_closet_pinwheel_6,
          grunt_vaults_trifunnel, hangedman_vaults_stagger,
          serial_library_hellmonk_reading_circle, vaults_room_fours,
          vaults_mumra_hex, nicolae_vaults_rhombus_7, v_misc_24,
          layout_vaults_omnicross, serial_shops, nicolae_shop_window_shopping
Vaults:3: nicolae_vaults_house_1, ontoclasm_vaults_ligature,
          ontoclasm_vaults_loading_screen, dpeg_vaults_monster_row, v_pattern_3,
          nicolae_vaults_trapezoid_lopsided_2, nicolae_vaults_tetromino_L_2,
          ontoclasm_vaults_hangar, ontoclasm_vaults_shuriken,
          nicolae_vaults_quartermaster, v_misc_5, v_misc_18,
          nicolae_vaults_sightless_eye, nicolae_vaults_ring_of_whatevers,
          layout_vaults_omnibox
Vaults:4: v_misc_1, nicolae_vaults_sesquioval_fish, grunt_vaults_bifocal,
          v_misc_15, nicolae_vaults_trapezoid_lopsided_2, st_more_cells,
          vaults_dpeg_hooks, nicolae_vaults_network_barrier,
          ontoclasm_vaults_hangar, nicolae_vaults_wrenched, v_alt_pattern_6,
          nicolae_vaults_network_square, grunt_vaults_hallway_short,
          nicolae_vaults_tetromino_Z_2, nicolae_vaults_double_plus_1,
          layout_vaults_maze_bifur, uniq_mennas
Vaults:5: uniq_mara, uniq_saint_roka
Crypt:1:  layout_gridlike, weyrava_vampire_temple
Crypt:2:  layout_chaotic_city, nicolae_crypt_tutankhamun
Crypt:3:  cryptofortress_bobbens, uniq_sojobo, uniq_margery
Depths:1: layout_twisted_cross, abyss_entry, grunt_hell_entry_dis_mu,
          nicolae_shop_fire_sale [nicolae_sub_dead_trees], grunt_ministairs_1,
          nicolae_figureground_pulse
Depths:2: hangedman_box_tower, layout_gridlike, rand_demon_pan_entry_9,
          pf_coc_iceberg, infiniplex_staircase_pool_2, uniq_enchantress
Depths:3: hangedman_elemental_death_ray, layout_gridlike, minmay_holes,
          nicolae_abyss_entry_one_way_or_another, grunt_hell_horde,
          uniq_josephina, uniq_parghit
Depths:4: evilmike_zot_entry_basic, layout_cave_pools, enter_ziggurat_d,
          pf_hell_entry_tar_river, chequers_serial_rivers_marsh, abyss_entry,
          pan_entry, gammafunk_ghost_wrathful_warriors, drop_trap
Zot:1:    nicolae_zot_stationary_front, layout_twisted_circle,
          hangedman_zot_decor_checkerboard
Zot:2:    grunt_deathspiral_small, layout_cathedral_of_symmetry
Zot:3:    layout_onion_interference, hangedman_zot_decor_unnerving_road,
          gammafunk_ghost_abyssal_escape, drop_trap
Zot:4:    layout_concentric_octagons, regret_index_zotdec_obsidian_hm,
          hangedman_player_shredder, uniq_tiamat
Zot:5:    layout_twisted_circle, grunt_ministairs_13

Skill      XL: |  1  2  3  4  5  6  7  8  9 10 11 12 13 14 15 16 17 18 19 20 21 22 23 24 25 26 27 |
---------------+----------------------------------------------------------------------------------+-----
Earth Magic    | 4 5 6 8 9 11 12 14 15 17 18 19 20 21 22 23 24 27 | 27.0
Fighting       | 1 2 3 4 5 7 8 9 10 12 14 15 16 17 18 19 20 24 | 24.7
Spellcasting   | 3 4 5 6 7 8 9 10 11 12 13 14 15 16 19 | 19.6
Stealth        | 3 4 5 6 |  6.0
Armour         | 1 3 4 5 6 8 10 | 10.0
Invocations    | 1 3 6 7 9 11 12 14 16 | 16.0
Dodging        | 2 3 4 5 6 7 8 9 10 | 10.0
Conjurations   | 2 6 7 8 10 13 20 | 20.4
Fire Magic     | 5 6 8 9 10 16 | 16.0
Shields        | 1 7 9 10 11 12 14 15 | 15.0
Evocations     | 1 4 5 6 9 10 | 10.0
Staves         | 4 6 9 |  9.0
Ice Magic      | 3 8 9 10 12 14 16 | 16.0
Alchemy        | 4 6 8 |  8.0

Action                     |  1- 3 |  4- 6 |  7- 9 | 10-12 | 13-15 | 16-18 | 19-21 | 22-24 | 25-27 || total
---------------------------+-------+-------+-------+-------+-------+-------+-------+-------+-------++-------
  Melee: Unarmed           |     4 |       |       |       |       |       |       |       |       ||     4
         Staff             |     2 |       |       |       |    12 |    70 |   155 |   339 |   321 ||   899
         Dagger            |     1 |    90 |       |       |       |       |       |       |       ||    91
         Quarterstaff      |       |    20 |    61 |    29 |     1 |       |       |       |       ||   111
         Whip              |       |       |       |       |       |       |       |       |   300 ||   300
   Cast: Sandblast         |    47 |    33 |    62 |   264 |   250 |   172 |   151 |     9 |       ||   988
         Stone Arrow       |       |       |    44 |   244 |   253 |   534 |    93 |    14 |    41 ||  1223
         Petrify           |       |       |       |     7 |     1 |       |       |       |       ||     8
         Brom's Barrelling |       |       |       |     4 |     1 |       |       |       |       ||     5
         Flame Wave        |       |       |       |       |    20 |    22 |    90 |    42 |    79 ||   253
         Bombard           |       |       |       |       |    15 |    93 |    91 |   113 |   380 ||   692
         Borgnjor's Vile C |       |       |       |       |    18 |    94 |    26 |    79 |    73 ||   290
         Lee's Rapid Decon |       |       |       |       |       |    80 |   242 |   465 |   230 ||  1017
         Leda's Liquefacti |       |       |       |       |       |     1 |     1 |     4 |    13 ||    19
         Permafrost Erupti |       |       |       |       |       |       |     5 |    98 |   460 ||   563
         Freezing Cloud    |       |       |       |       |       |       |       |       |    73 ||    73
         Seismic Cannonade |       |       |       |       |       |       |       |       |     7 ||     7
         Starburst         |       |       |       |       |       |       |       |       |     3 ||     3
         Shatter           |       |       |       |       |       |       |       |       |     6 ||     6
 Invoke: Channel Magic     |       |       |       |     2 |     9 |    15 |    15 |    18 |    55 ||   114
  Evoke: Wand              |       |       |       |       |     2 |     2 |       |    10 |       ||    14
         Phantom mirror    |       |       |       |       |       |       |       |     1 |     1 ||     2
         Phial of floods   |       |       |       |       |       |       |       |     1 |       ||     1
    Use: Scroll            |       |     3 |     3 |    10 |     5 |    12 |     6 |     7 |    16 ||    62
         Potion            |       |       |     1 |     1 |     2 |     6 |     2 |     1 |    10 ||    23
   Stab: Sleeping          |       |     7 |       |       |       |       |     1 |       |       ||     8
         Petrified         |       |       |       |     4 |       |       |       |       |       ||     4
         Distracted        |       |       |       |       |       |       |       |     1 |     1 ||     2
 Armour: Robe              |    23 |    92 |   134 |    27 |       |       |       |       |   358 ||   634
         Steam dragon scal |       |       |       |   276 |   405 |   594 |    35 |       |       ||  1310
         Quicksilver drago |       |       |       |       |       |       |   553 |   409 |   638 ||  1600
  Dodge: Dodged            |    19 |    59 |    57 |   212 |   303 |   231 |   226 |   145 |   335 ||  1587
  Block: Kite shield       |       |       |       |       |     5 |   169 |       |       |       ||   174
         Tower shield      |       |       |       |       |       |   189 |   560 |   805 |  1613 ||  3167

Table legend: (Time is in decaauts)
 A = Elapsed time spent in this place.
 B = Non-inter-level travel time spent in this place.
 C = Inter-level travel time spent in this place.
 D = Time resting spent in this place.
 E = Time spent auto-exploring this place.
 F = Levels seen in this place.
 G = Mean time per level.
                   A        B        C        D        E       F      G
               +--------+--------+--------+--------+--------+-----+--------+
         Total |  82671 |  73764 |   8907 |  13451 |  38597 |  59 | 1401.2 |
       Dungeon |  22115 |  19244 |   2871 |   3223 |  11584 |  15 | 1474.3 |
        Temple |     20 |      1 |     19 |      0 |      0 |   1 |   20.0 |
          Lair |  10230 |   8683 |   1547 |   1516 |   5779 |   5 | 2046.0 |
        Shoals |   4258 |   4111 |    147 |    279 |   2610 |   4 | 1064.5 |
     Snake Pit |   6611 |   5857 |    754 |   1269 |   2487 |   4 | 1652.8 |
    Slime Pits |   1644 |   1587 |     57 |    526 |    219 |   5 |  328.8 |
  Orcish Mines |   1753 |   1445 |    308 |    270 |    729 |   2 |  876.5 |
   Elven Halls |   4274 |   3961 |    313 |    847 |   1688 |   3 | 1424.7 |
        Vaults |   9675 |   8071 |   1604 |   1173 |   4343 |   5 | 1935.0 |
         Crypt |   4596 |   4438 |    158 |    691 |   2026 |   3 | 1532.0 |
        Depths |   6716 |   6286 |    430 |    736 |   3407 |   4 | 1679.0 |
           Zot |   7922 |   7227 |    695 |   1835 |   2944 |   5 | 1584.4 |
        Bailey |   1487 |   1487 |      0 |    657 |    300 |   1 | 1487.0 |
      Ice Cave |    521 |    521 |      0 |    138 |    139 |   1 |  521.0 |
      Gauntlet |    840 |    840 |      0 |    288 |    342 |   1 |  840.0 |
               +--------+--------+--------+--------+--------+-----+--------+

Top non-repeatable levels by time:
  Lair:4: 2827 daAuts
 Snake:3: 2788 daAuts
  Lair:5: 2711 daAuts
Depths:2: 2538 daAuts
Vaults:5: 2457 daAuts
    D:11: 2443 daAuts
    D:10: 2391 daAuts
   Zot:5: 2257 daAuts
    D:12: 2152 daAuts
    D:14: 2106 daAuts
 Crypt:3: 2052 daAuts
Vaults:1: 1935 daAuts
    D:13: 1926 daAuts
Vaults:3: 1926 daAuts
Vaults:4: 1853 daAuts
